cohdb
Replays
Latest Replays
All Replays
Popular Replays
Top Player Replays
Match Explorer
How It Works
Community
CoH3 Stats
Reddit
Sign in to upload your games and track your stats! →
Sign in with Steam
Match 45979477
Unlisted
Match 45979477
Overview
Messages
Build Orders
End
Panzergrenadier Squad
Selects Panzerjäger Kommand Battlegroup
Selects Blockade Equipment
Panzergrenadier Squad
Construct Light Support Kompanie
Panzergrenadier Squad
MG34 Team
2.5-tonne Medical Truck
Fire Support Elements
Veteran Squad Leaders
Selects GrB 39 Grenade Launcher Requisition
Selects Tank Busters
Selects Crew Shock Tactics
Panzerjäger Squad
Selects Crew Shock Tactics
Panzerjäger Squad
Panzerjäger Mechanized Group
Construct Panzerarmee Kommand
Emergency Repair Kits
Panzer III L Medium Tank
Seven
mi prima de Cifuentes
Admiral Ding Dong
POUP
0
0
Comments
sign in to comment!
No comments posted yet!